 Dungeon Crawl Stone Soup version 0.18-b1-20-g17449fe (webtiles) character file.

14774 LORDOFBUTT the Brawler (level 11, -8/103 HPs)
             Began as a Troll Monk on May 3, 2016.
             Was an Elder of Qazlal.
             Mangled by a blink frog (13 damage)
             ... on level 2 of the Lair of Beasts.
             The game lasted 00:16:56 (9193 turns).

LORDOFBUTT the Brawler (Troll Monk)                 Turns: 9193, Time: 00:16:57

Health: -8/103     AC:  8    Str: 21    XL:     11   Next: 93%
Magic:  10/10      EV: 15    Int:  6    God:    Qazlal [****..]
Gold:   1285       SH:  5    Dex: 21    Spells: 0 memorised, 10 levels left

rFire  . . .     SeeInvis .       - Unarmed
rCold  + . .     Gourm    +     a - +1 robe
rNeg   . . .     Faith    .     (no shield)
rPois  .         Spirit   .     (helmet restricted)
rElec  .         Dismiss  .     (no cloak)
rCorr  .         Reflect  .     (gloves unavailable)
SustAt .         Harm     .     (boots unavailable)
MR     .....                    (no amulet)
Stlth  +.........               q - +6 ring of dexterity
                                O - ring of protection from cold

@: slowed, glowing, repel missiles, very slow, not resistant to hostile
enchantments, very unstealthy
A: unfitting armour, claws 3, yellow scales 1, fast metabolism 3, gourmand,
sense surroundings 1, regeneration 2, robust 1, shaggy fur 1, tough skin 2
a: Upheaval, Elemental Force, Renounce Religion


You were on level 2 of the Lair of Beasts.
You worshipped Qazlal.
Qazlal was greatly pleased with you.
You were very full.

You visited 3 branches of the dungeon, and saw 12 of its levels.
You also visited: Bailey.

You collected 1285 gold pieces.

Inventory:

Armour
 a - a +1 robe (worn)
Jewellery
 g - an uncursed ring of resist corrosion
 q - a +6 ring of dexterity (right claw)
 y - an uncursed amulet of inaccuracy
 O - a ring of protection from cold (left claw)
 S - an uncursed ring of flight
Wands
 f - a wand of slowing (6/48)
 h - a wand of iceblast (4/15)
 i - a wand of lightning (5/15)
 n - a wand of acid (8/15)
 p - a wand of polymorph (19/24)
 D - a wand of acid (6/15)
 E - a wand of acid (5/15)
 I - a wand of lightning (2/15)
Scrolls
 c - a scroll of identify
 d - 2 scrolls of fear
 e - 5 scrolls of remove curse
 m - 3 scrolls of recharging
 t - 2 scrolls of enchant weapon {unknown}
 v - 6 scrolls of teleportation {unknown}
 w - 3 scrolls of amnesia {unknown}
 C - a scroll of immolation {unknown}
 F - a scroll of magic mapping
 G - a scroll of vulnerability {unknown}
 J - a scroll of summoning {unknown}
 K - a scroll of acquirement {unknown}
 L - a scroll of random uselessness {unknown}
 M - 2 scrolls of fog {unknown}
 P - 2 scrolls of blinking
Potions
 j - a potion of brilliance
 l - a potion of agility
 o - 2 potions of haste
 r - a potion of cancellation
 s - 2 potions of lignification
 u - 5 potions of curing
 x - 3 potions of mutation
 B - 2 potions of resistance
 H - a potion of flight {unknown}
 N - a potion of ambrosia {unknown}
Comestibles
 b - 13 bread rations
 k - 7 slices of pizza
 z - 5 beef jerkies
 A - 3 meat rations
 Q - 2 fruits
 R - 10 royal jellies


   Skills:
 - Level 2.5 Fighting
 - Level 6.9 Dodging
 - Level 1.1 Stealth
 + Level 17.1 Unarmed Combat


You had 10 spell levels left.
You didn't know any spells.

Dungeon Overview and Level Annotations

Branches:
Dungeon (9/15)             Temple (1/1) D:4            Lair (2/8) D:8
    Orc (0/2) D:9

Altars:
Ashenzari
Cheibriados
Dithmenos
Elyvilon
Fedhas
Gozag
Kikubaaqudgha
Makhleb
Nemelex Xobeh
Okawaru
Pakellas
Qazlal
Ru
Sif Muna
Trog
Vehumet
Xom
Yredelemnul
Zin
The Shining One

Shops:
D:4 [   D:9 (

Annotations:
D:3 Natasha


Innate Abilities, Weirdness & Mutations

You are too large for most types of armour.
You have claws for hands.
Your metabolism is lightning-fast.
You like to eat raw meat.
You heal very quickly.
You are covered in fur (AC +1).
You have very tough skin (AC +2).
You are partially covered in yellow scales (AC +2).
You passively map a small area around you.
You are robust (+10% HP).


Message History

You hear a loud, deep croak!
A blink frog comes into view.
You claw the blink frog!
The blink frog is heavily wounded.
The blink frog barely misses you. The blink frog closely misses you.
You scratch the blink frog but do no damage.
The blink frog is heavily wounded.
The blink frog is engulfed in roaring flames.
The blink frog hits you.
* * * LOW HITPOINT WARNING * * *
The blink frog hits you but does no damage.
The blink frog is engulfed in roaring flames.
You block the blink frog's attack.
You mangle the blink frog!!
You kill the blink frog!
Qazlal accepts your kill.
The blink frog blinks!
The blink frog hits you!
* * * LOW HITPOINT WARNING * * *
The blink frog hits you!
You die...

...♣##... .P...##.##
8, P....P.((#
%......(.#########
.P.PP..)..#...##.# ,
%l....§#†.§....)##
8P.....#..§......###
.)%P.......F.......#
## ,
.%...♣..§.l@.§(...## #
##.
8.....♣♣..§§.§§....##
#.#..
....♣,#............#
#..# , .%P♣
*##...........## .. *
#............## * *# *
..............#### # ,
,
###..............#.###
#..............##§.§
........<.#.......


You could see a komodo dragon and a blink frog.

Vanquished Creatures
  A hydra (Lair:2)
  Erica (D:9)
  A faun (Lair:2)
  A torpor snail (Lair:2)
  2 spiny frogs (Lair:2)
  A komodo dragon (Lair:1)
  A queen bee (Lair:2)
  The ghost of LORDOFBUTT the Chopper, an amateur MiFi of Ashenzari (D:5)
  A two-headed ogre (D:9)
  Grinder (D:3)
  Prince Ribbit (D:7)
  4 blink frogs (Lair:2)
  Sigmund (D:6)
  Eustachio (D:6)
  2 hippogriffs
  18 yaks
  A human (D:8)
  Grum (Lair:1)
  A basilisk (Lair:2)
  A hungry ghost (D:7)
  Edmund (D:4)
  Duvessa (D:4)
  3 water moccasins
  6 orc warriors
  2 porcupines
  An ice beast (D:8)
  A phantom (D:7)
  A necrophage (D:7)
  4 wolves (Lair:1)
  3 ogres
  A centaur (D:6)
  2 crocodiles (Lair:2)
  A big kobold (D:9)
  6 giant frogs
  Dowan (D:4)
  3 scorpions (D:8)
  A water moccasin skeleton (D:8)
  26 killer bees
  18 wights
  6 howler monkeys
  3 crimson imps
  2 giant frog zombies
  2 hounds (D:4)
  An orc priest (D:3)
  A jelly (D:6)
  A gnoll shaman (D:4)
  A centaur skeleton (D:7)
  Natasha (twice) (D:3)
  4 iguanas
  7 orc wizards
  4 worker ants
  12 sheep
  A killer bee zombie (D:9)
  Robin (D:3)
  3 gnolls (D:4)
  A howler monkey zombie (D:4)
  10 adders
  12 river rats
  2 shadow imps
  An adder skeleton (D:6)
  5 worms
  4 dart slugs
  3 giant geckos
  22 orcs
  13 bats
  3 giant cockroaches
  17 goblins
  14 hobgoblins
  4 jackals (D:2)
  22 kobolds
  6 quokkas
  A giant gecko zombie (D:8)
  5 giant newts
  A jackal skeleton (D:8)
  5 rats
  2 fungi
  2 plants
330 creatures vanquished.

Vanquished Creatures (others)
  A giant gecko skeleton (D:7)
  A fungus (Lair:2)
2 creatures vanquished.

Grand Total: 332 creatures vanquished

Notes
Turn   | Place    | Note
--------------------------------------------------------------
     0 | D:1      | LORDOFBUTT the Troll Monk began the quest for the Orb.
     0 | D:1      | Reached XP level 1. HP: 22/22 MP: 0/0
   185 | D:1      | Reached XP level 2. HP: 29/29 MP: 1/1
   657 | D:1      | Reached XP level 3. HP: 32/36 MP: 2/2
   865 | D:2      | Found a glowing silver altar of Zin.
  1179 | D:2      | Found an iron altar of Okawaru.
  1422 | D:2      | Reached XP level 4. HP: 43/44 MP: 3/3
  1480 | D:3      | Reached skill level 5 in Unarmed Combat
  1484 | D:3      | Reached XP level 5. HP: 10/50 MP: 4/4
  1582 | D:3      | Noticed Natasha
  1583 | D:3      | Noticed Robin
  1591 | D:3      | Killed Natasha
  1596 | D:3      | Killed Robin
  1646 | D:3      | Noticed Grinder
  1655 | D:3      | Paralysed by Grinder for 4 turns
  1663 | D:3      | Killed Grinder
  1663 | D:3      | Reached skill level 6 in Unarmed Combat
  1663 | D:3      | Reached XP level 6. HP: 36/59 MP: 5/5
  1721 | D:3      | Found a shimmering altar of Xom.
  1815 | D:3      | Noticed Natasha
  1820 | D:3      | Killed Natasha
  1966 | D:3      | Noticed Natasha
  2064 | D:3      | Found a blossoming altar of Fedhas.
  2254 | D:4      | Found a staircase to the Ecumenical Temple.
  2254 | D:4      | Noticed Edmund
  2263 | D:4      | Killed Edmund
  2263 | D:4      | Reached skill level 5 in Dodging
  2263 | D:4      | Reached XP level 7. HP: 36/66 MP: 6/6
  2304 | Temple   | Entered the Ecumenical Temple
  2492 | D:4      | Noticed Duvessa
  2492 | D:4      | Noticed Dowan
  2497 | D:4      | Killed Dowan
  2497 | D:4      | Reached skill level 7 in Unarmed Combat
  2504 | D:4      | Killed Duvessa
  2858 | D:4      | Found a stormy altar of Qazlal.
  2860 | D:4      | Found Ufeweh's Armour Shoppe.
  3172 | D:4      | Gained mutation: You are robust (+10% HP). [potion of mutation]
  3172 | D:4      | Gained mutation: You passively map a small area around you. [potion of mutation]
  3172 | D:4      | Gained mutation: You are partially covered in yellow scales (AC +2). [potion of mutation]
  3330 | D:5      | Entered Level 5 of the Dungeon
  3330 | D:5      | Noticed LORDOFBUTT's ghost (amateur MiFi)
  3344 | D:5      | Killed LORDOFBUTT's ghost
  3344 | D:5      | Reached skill level 8 in Unarmed Combat
  3344 | D:5      | Reached XP level 8. HP: 18/81 MP: 7/7
  3357 | D:5      | HP: 4/81 [poisoned by a worker ant]
  4172 | D:6      | Noticed Sigmund
  4183 | D:6      | Killed Sigmund
  4282 | D:6      | Found an oddly glowing altar of Pakellas.
  4291 | D:6      | Noticed Eustachio
  4297 | D:6      | Killed Eustachio
  4297 | D:6      | Reached skill level 9 in Unarmed Combat
  4383 | D:6      | Reached XP level 9. HP: 83/88 MP: 8/8
  4429 | D:6      | Reached skill level 10 in Unarmed Combat
  4532 | D:6      | Found an opulent altar of Gozag.
  4669 | D:6      | Found a sparkling altar of Nemelex Xobeh.
  4669 | D:6      | Found a shattered altar of Ashenzari.
  4670 | D:6      | Found an oddly glowing altar of Pakellas.
  4805 | D:7      | Noticed Prince Ribbit
  4825 | D:7      | Killed Prince Ribbit
  4980 | D:7      | Reached skill level 11 in Unarmed Combat
  5010 | D:7      | Found a flagged portal.
  5061 | Bailey   | Entered a bailey
  5123 | Bailey   | Found a bloodstained altar of Trog.
  5917 | D:4      | Became a worshipper of Qazlal Stormbringer
  5917 | D:4      | Reached * piety under Qazlal
  5917 | D:4      | Reached ** piety under Qazlal
  6026 | D:8      | Reached skill level 12 in Unarmed Combat
  6134 | D:8      | Reached XP level 10. HP: 21/96 MP: 9/9
  6260 | D:8      | Found a staircase to the Lair.
  6699 | D:9      | Noticed Erica
  6715 | D:9      | Killed Erica
  6715 | D:9      | Reached skill level 13 in Unarmed Combat
  6819 | D:9      | Found a staircase to the Orcish Mines.
  6847 | D:9      | Reached skill level 14 in Unarmed Combat
  7134 | D:9      | Found a glowing golden altar of the Shining One.
  7158 | D:9      | Found Lacalis's Weapon Boutique.
  7158 | D:9      | Found a shadowy altar of Dithmenos.
  7188 | D:9      | Found a burning altar of Makhleb.
  7409 | D:9      | Reached *** piety under Qazlal
  7495 | D:9      | Found a basalt altar of Yredelemnul.
  7519 | D:9      | Found a white marble altar of Elyvilon.
  7664 | Lair:1   | Entered Level 1 of the Lair of Beasts
  7763 | Lair:1   | Reached XP level 11. HP: 37/103 MP: 10/10
  7780 | Lair:1   | Reached skill level 15 in Unarmed Combat
  8066 | Lair:1   | Noticed Grum
  8075 | Lair:1   | Killed Grum
  8689 | Lair:2   | Reached **** piety under Qazlal
  8758 | Lair:2   | Reached skill level 16 in Unarmed Combat
  8840 | Lair:2   | Noticed a seven-headed hydra
  8846 | Lair:2   | Killed a seven-headed hydra
  9185 | Lair:2   | Reached skill level 17 in Unarmed Combat
  9192 | Lair:2   | HP: 4/103 [blink frog (15)]
  9193 | Lair:2   | Mangled by a blink frog

Skill      XL: |  1  2  3  4  5  6  7  8  9 10 11 |
---------------+----------------------------------+-----
Dodging        | 3 4 5 6 |  6.9
Unarmed Combat | 5 6 8 9 12 14 17 | 17.1
Fighting       | |  2.5
Stealth        | |  1.1

Action                   |  1- 3 |  4- 6 |  7- 9 | 10-12 || total
-------------------------+-------+-------+-------+-------++-------
Melee: Unarmed           |    96 |    99 |   321 |   402 ||   918
       Punch             |       |     4 |    17 |    36 ||    57
  Use: Scroll            |     3 |       |     8 |     1 ||    12
       Potion            |       |       |     7 |     5 ||    12
 Stab: Sleeping          |     1 |     1 |     4 |       ||     6
  Eat: Chunk             |    15 |     2 |    24 |    36 ||    77
       Beef jerky        |       |     1 |       |       ||     1
       Fruit             |       |       |     9 |       ||     9
       Meat ration       |       |       |     1 |       ||     1
Armor: Robe              |    33 |    22 |    62 |    68 ||   185
Dodge: Dodged            |    38 |    48 |   278 |   238 ||   602
       Deflected         |       |       |       |     1 ||     1
Block: Other             |       |       |     2 |    58 ||    60
